 Dungeon Crawl Stone Soup version 0.27-a0-1322-gfdffb62a71 (webtiles) character file.

Game seed: 9322187548844012316

109 tilp the Caller (level 4, -1/51 HPs)
             Began as a Barachi Summoner on June 22, 2021.
             Slain by an orc priest (2 damage)
             ... on level 4 of the Dungeon.
             The game lasted 00:08:49 (4701 turns).

tilp the Caller (Barachi Summoner)                  Turns: 4701, Time: 00:08:50

Health: -1/51      AC:  6    Str: 10    XL:     4   Next: 89%
Magic:  3/8        EV: 10    Int: 22    God:
Gold:   31         SH:  0    Dex: 12    Spells: 3/9 levels left

rFire    . . .     SeeInvis .   a - +1 hand axe
rCold    . . .     Faith    .   (no shield)
rNeg     . . .     Spirit   .   j - +1 ring mail
rPois    .         Reflect  .   (no helmet)
rElec    .         Harm     .   (no cloak)
rCorr    .         Rampage  .   (no gloves)
Will     .....                  (no boots)
Stlth    ..........             (no amulet)
HPRegen  0.17/turn              d - +6 ring of intelligence
MPRegen  0.11/turn              (no ring)

@: berserking, very quick
A: amphibious, slowness 1, strong legs 1, +LOS
a: Hop


You were on level 4 of the Dungeon.
You visited 1 branch of the dungeon, and saw 4 of its levels.

You collected 99 gold pieces.
You spent 68 gold pieces at shops.

Inventory:

Hand Weapons
 a - a +1 hand axe (weapon)
 b - a +0 dagger
 f - a +0 flail
Missiles
 e - 5 poisoned darts
 k - 2 boomerangs
Armour
 c - a +0 leather armour
 j - a +1 ring mail (worn)
Jewellery
 d - a +6 ring of intelligence (left hand)
Scrolls
 l - a scroll of identify
Potions
 h - 2 potions of attraction
 i - a potion of might


   Skills:
 + Level 2.9 Fighting
 + Level 2.2 Dodging
 + Level 1.8 Stealth
 - Level 3.0 Spellcasting
 - Level 6.0 Summonings


You had 3 spell levels left.
You knew the following spells:

 Your Spells              Type           Power      Damage    Failure   Level
a - Summon Small Mammal   Summ           100%       N/A       2%          1
b - Call Imp              Summ           29%        N/A       4%          2
c - Call Canine Familiar  Summ           29%        N/A       9%          3

Your spell library contained the following spells:

 Spells                   Type           Power      Damage    Failure   Level
 Summon Guardian Golem    Hex/Summ       16%        N/A       28%         3
 Magic Dart               Conj           12%        1d3       32%         1
 Searing Ray              Conj           6%         3d3       43%         2
 Dazzling Flash           Conj/Hex       6%         N/A       67%         3
 Summon Ice Beast         Ice/Summ       16%        N/A       67%         4
 Summon Lightning Spire   Summ/Air       16%        N/A       67%         4
 Fulminant Prism          Conj/Hex       1%         3d6       97%         4
 Iskenderun's Mystic Bla  Conj/Tloc      3%         2d3       97%         4


Dungeon Overview and Level Annotations

Branches:
Dungeon (4/15)
 Temple: D:4-7

Altars:
Nemelex Xobeh

Shops:
D:1 [   D:2 *


Innate Abilities, Weirdness & Mutations

You are amphibious.
You cover ground slowly.
You can hop short distances.
You have an extended range of vision and can be seen from far away.


Message History

Your crimson imp hits the orc.
The orc completely misses your crimson imp.
Casting: Call Imp (safe; 4% risk of failure)
Confirm with . or Enter, or press ? or * to list all spells.
You don't have enough magic to cast this spell.
Unknown command.
A red film seems to cover your vision as you go berserk!
You feel yourself moving faster!
You feel mighty! The orc barely misses your crimson imp.
Your crimson imp hits the orc.
The orc dies!
The orc priest closely misses you.
The orc hits your crimson imp with a +0 dagger of flaming.
Unknown command.
You closely miss the orc priest.
Your crimson imp blinks!
The orc priest completely misses you.
Unknown command.
You hit the orc priest.
The orc priest is lightly wounded.
You completely miss the orc.
Your crimson imp blinks!
The orc priest hits you but does no damage.
Unknown command.
You slash the orc priest!
The orc priest is almost dead.
You closely miss the orc. The orc hits you but does no damage.
Unknown command.
You closely miss the orc priest.
The orc priest is almost dead.
You barely miss the orc. The orc priest hits you with a +0 mace!
* * * LOW HITPOINT WARNING * * *
Your crimson imp hits the orc.
The orc hits you with a +0 dagger of flaming.
* * * LOW HITPOINT WARNING * * *
The orc burns you.
* * * LOW HITPOINT WARNING * * *
You barely miss the orc priest.
The orc priest is almost dead.
You hit the orc. The orc priest hits you with a +0 mace.
You die...

.......................
#..........##.........
##.......<##........#
...##.........##........
...#..................#
....#.##.....##...... ..
##..# ##..##.)).§.$#
.... ##....
#...#..#oo...#......
#.....###....###@5...#
#......÷.#..###.#.).#
..##....÷##.....#..5....
#.......#.....#...#.....
#.....#......#.......#
....
#...#.#......##.....##
...
##...##).....##......#
..
....................## .
...#........#########


You could see an orc priest, an orc (ally target) and 2 friendly crimson imps.

Vanquished Creatures
  An orc priest (D:4)
  A shadow imp (D:3)
  2 dart slugs
  2 orcs (D:4)
  2 endoplasms
  A hobgoblin (D:4)
  A quokka (D:3)
  3 ball pythons (D:3)
  5 bats
  2 frilled lizards
  A goblin (D:2)
  A kobold (D:3)
  A rat (D:3)
23 creatures vanquished.

Vanquished Creatures (collateral kills)
  2 adders
  3 dart slugs (D:1)
  4 orcs
  4 bats (D:1)
  3 endoplasms
  2 giant cockroaches
  2 goblins
  5 hobgoblins
  A jackal (D:3)
  A quokka (D:3)
  4 ball pythons
  3 frilled lizards
  8 kobolds
  3 rats (D:1)
45 creatures vanquished.

Grand Total: 68 creatures vanquished

Notes
Turn   | Place    | Note
-------+----------+-------------------------------------------
     0 | D:1      | tilp the Barachi Summoner began the quest for the Orb.
     0 | D:1      | Reached XP level 1. HP: 13/13 MP: 3/3
    52 | D:1      | Reached skill level 1 in Fighting
   253 | D:1      | Found Suafur's Antique Armour Shop.
   444 | D:1      | Reached XP level 2. HP: 15/22 MP: 0/5
  1074 | D:1      | Learned a level 2 spell: Call Imp
  1131 | D:1      | Reached skill level 5 in Summonings
  1722 | D:2      | Found Jel Tiopn's Assorted Antiques.
  1727 | D:2      | Bought a scroll labelled JYNGUCZ RAGOYL for 17 gold pieces
  1878 | D:2      | Found a faded altar of an unknown god.
  1891 | D:2      | Reached XP level 3. HP: 20/27 MP: 2/6
  1903 | D:2      | Learned a level 3 spell: Call Canine Familiar
  2072 | D:2      | Found a sparkling altar of Nemelex Xobeh.
  2991 | D:2      | Bought a scroll labelled ODATOSA ZEISOU for 17 gold pieces
  2991 | D:2      | Bought a scroll labelled KOV RUULALLUAS for 17 gold pieces
  2991 | D:2      | Bought a scroll labelled KIPLECWAXUCH for 17 gold pieces
  3717 | D:3      | Reached XP level 4. HP: 16/33 MP: 1/8
  4373 | D:4      | Reached skill level 6 in Summonings
  4700 | D:4      | HP: 2/51 [orc (1)]
  4701 | D:4      | Slain by an orc priest

Illustrated notes

Levels and vault maps discovered:
D:1:      dpeg_arrival_round_c, layout_loops_cross, serial_shops, shop
D:2:      layout_basic, serial_shops, nicolae_shop_crystal,
          basic_ecumenical_altar, basic_altar
D:3:      layout_basic, kennysheep_donut, minmay_circle_x
D:4:      layout_cave_pools, kennysheep_mini

Skill      XL: |  1  2  3  4 |
---------------+-------------+-----
Fighting       | 1 2 |  2.9
Summonings     | 5 6 |  6.0
Spellcasting   | 3 |  3.0
Dodging        | |  2.2
Stealth        | |  1.8

Action                   |  1- 3 |  4- 6 || total
-------------------------+-------+-------++-------
Melee: Unarmed           |    18 |       ||    18
       Dagger            |    40 |       ||    40
       Hand axe          |    33 |    53 ||    86
 Cast: Summon Small Mamm |    53 |       ||    53
       Call Imp          |    29 |     8 ||    37
  Use: Scroll            |     6 |     2 ||     8
       Potion            |       |     1 ||     1
 Stab: Distracted        |     1 |     1 ||     2
       Sleeping          |     3 |       ||     3
Armor: Leather armour    |    34 |       ||    34
       Ring mail         |     8 |    26 ||    34
Dodge: Dodged            |   103 |    27 ||   130

Table legend: (Time is in decaauts)
 A = Elapsed time spent in this place.
 B = Non-inter-level travel time spent in this place.
 C = Inter-level travel time spent in this place.
 D = Time resting spent in this place.
 E = Time spent auto-exploring this place.
 F = Levels seen in this place.
 G = Mean time per level.
                   A        B        C        D        E       F      G
               +--------+--------+--------+--------+--------+-----+--------+
         Total |   5143 |   4861 |    282 |    926 |   3298 |   4 | 1285.8 |
       Dungeon |   5143 |   4861 |    282 |    926 |   3298 |   4 | 1285.8 |
               +--------+--------+--------+--------+--------+-----+--------+

Top non-repeatable levels by time:
     D:2: 1870 daAuts
     D:1: 1715 daAuts
     D:3: 1130 daAuts
     D:4: 427 daAuts
